 Dungeon Crawl Stone Soup version 0.17-a0-2231-gd80ca38 (webtiles) character file.

866 Gruud the Insei (level 7, -4/53 HPs)
             Began as a Demonspawn Transmuter on Oct 29, 2015.
             Was a Follower of Makhleb.
             Slain by a sky beast (6 damage)
             ... on level 5 of the Dungeon.
             The game lasted 00:16:44 (4680 turns).

Gruud the Insei (Demonspawn Transmuter)             Turns: 4680, Time: 00:16:44

Health: -4/53      AC:  6    Str: 12    XL:     7   Next: 72%
Magic:  10/10      EV: 13    Int: 15    God:    Makhleb [*.....]
Gold:   207        SH:  0    Dex: 13    Spells: 2 memorised, 7 levels left

rFire  . . .     SeeInvis .       - Unarmed
rCold  . . .     Clarity  .     b - +0 robe
rNeg   . . .     SustAt   .     (no shield)
rPois  .         Gourm    .     (no helmet)
rElec  .         Spirit   .     p - +0 cloak
rCorr  .         Warding  .     (no gloves)
rMut   .         Stasis   .     (no boots)
MR     .....                    (no amulet)
Stlth  ++........               (no ring)
                                (no ring)

@: not resistant to hostile enchantments, unstealthy
A: claws 1, thin metallic scales 2, nightstalker 1
a: Renounce Religion


You were on level 5 of the Dungeon.
You worshipped Makhleb.
Makhleb was aware of your devotion.
You were hungry.

You visited 1 branch of the dungeon, and saw 5 of its levels.

You collected 207 gold pieces.

Inventory:

Hand Weapons
 n - a +2 dagger of venom
Missiles
 a - 60 arrows
 g - 36 poisoned needles
 x - 3 arrows of flame
 y - 12 tomahawks (quivered)
Armour
 b - a +0 robe (worn)
 p - a +0 cloak (worn)
 v - a +0 scale mail
 B - the +1 ring mail of Grace {rPois Dex+5, unknown}
   (You found it on level 5 of the Dungeon)

   It affects your dexterity (+5).
   It protects you from poison.
Magical Staves
 w - an uncursed staff of earth
Jewellery
 m - an uncursed ring of teleportation
Wands
 z - a wand of cold (10)
Scrolls
 e - 2 scrolls of blinking {unknown}
 f - 3 scrolls of recharging {unknown}
 h - a scroll of remove curse
 i - 3 scrolls of teleportation {unknown}
 j - a scroll of fear {unknown}
 k - 5 scrolls of identify
 l - a scroll of amnesia {unknown}
 q - 2 scrolls of random uselessness {unknown}
 r - a scroll of fog {unknown}
 s - a scroll of magic mapping {unknown}
 A - a scroll of enchant weapon {unknown}
Potions
 t - a potion of agility
 u - a potion of flight
Books
 c - a book of Changes

   Spells                             Type                      Level
   a - Beastly Appendage              Transmutation                1
   b - Sticks to Snakes               Transmutation                2
   c - Spider Form                    Transmutation/Poison         3
   d - Ice Form                       Ice/Transmutation            4
   e - Blade Hands                    Transmutation                5
Comestibles
 d - 3 bread rations
 o - 2 beef jerkies
 C - 4 fruits
 D - a chunk of flesh


   Skills:
 + Level 3.9 Fighting
 + Level 3.9 Dodging
 * Level 5.9 Unarmed Combat
 - Level 2.0 Spellcasting
 - Level 1.7 Transmutations
 + Level 4.4 Invocations


You had 7 spell levels left.
You knew the following spells:

 Your Spells              Type           Power        Failure   Level  Hunger
a - Beastly Appendage     Trmt           #.....       12%         1    #......
b - Sticks to Snakes      Trmt           #.........   17%         2    ###....


Dungeon Overview and Level Annotations

Branches:
Dungeon (5/15)             Temple (0/1) D:4

Altars:
Ashenzari
Fedhas
Makhleb
Okawaru
Qazlal
Ru
Trog
Yredelemnul
The Shining One


Innate Abilities, Weirdness & Mutations

You have sharp fingernails.
You are mostly covered in thin metallic scales (AC +3).
You are slightly more attuned to the shadows.


Message History

You closely miss something. Something barely misses you.
You miss something. You scratch something but do no damage.
Something hits you but does no damage.
You scratch something. Something hits you. Something shocks you.
* * * LOW HITPOINT WARNING * * *
You closely miss something.
A sky beast appears from thin air!
Reactivating autopickup.
The sky beast hits you.
* * * LOW HITPOINT WARNING * * *
The sky beast shocks you.
* * * LOW HITPOINT WARNING * * *
You barely miss the sky beast.
The sky beast is severely wounded.
The sky beast hits you but does no damage.
You closely miss the sky beast.
The sky beast is severely wounded.
The sky beast hits you.
* * * LOW HITPOINT WARNING * * *
The sky beast shocks you.
You die...

..........# ####......#
..).......#
..#.##....###### #
#.#.#####....... .##.
#.#.###.....#### ##....
#....##.###.#######......
#..#....#
#....<.#..ยง....
...#....###.####@#.Y.....
.#####......####Y#)......
...#...##.......(........
##.#.....................
#...####################
#####


You could see a sky beast.

Vanquished Creatures
  The ghost of teron the Poker, an amateur MfGl (D:4)
  The ghost of kae the Archer, an amateur HEHu (D:3)
  A sky beast (D:5)
  2 ogres (D:4)
  A giant frog (D:5)
  A scorpion (D:5)
  A crimson imp (D:5)
  An orc priest (D:3)
  A giant frog skeleton (D:4)
  A hound (D:4)
  2 worker ants
  4 adders
  An ooze (D:2)
  An adder zombie (D:5)
  A worm (D:5)
  3 giant geckos
  8 orcs
  A ball python (D:3)
  2 giant cockroaches
  4 goblins
  5 hobgoblins
  5 jackals
  A quokka (D:4)
  7 bats
  3 giant newts
  5 kobolds
  4 rats
68 creatures vanquished.

Vanquished Creatures (collateral kills)
  An adder (D:5)
  A worm (D:4)
  A giant newt (D:5)
3 creatures vanquished.

Grand Total: 71 creatures vanquished

Notes
Turn   | Place    | Note
--------------------------------------------------------------
     0 | D:1      | Gruud the Demonspawn Transmuter began the quest for the Orb.
     0 | D:1      | Reached XP level 1. HP: 15/15 MP: 3/3
   373 | D:1      | Reached skill level 3 in Unarmed Combat
   373 | D:1      | Gained mutation: You are slightly more attuned to the shadows. [demonic ancestry]
   373 | D:1      | Reached XP level 2. HP: 21/21 MP: 3/5
   970 | D:2      | Found an iron altar of Okawaru.
  1057 | D:2      | Found a sacrificial altar of Ru.
  1148 | D:1      | Learned a level 2 spell: Sticks to Snakes
  1153 | D:2      | Reached XP level 3. HP: 12/26 MP: 3/6
  1553 | D:2      | Found a burning altar of Makhleb.
  1560 | D:2      | Became a worshipper of Makhleb the Destroyer
  1998 | D:2      | Found a bloodstained altar of Trog.
  2485 | D:3      | Noticed kae's ghost (amateur HEHu)
  2599 | D:3      | Killed kae's ghost
  2599 | D:3      | Reached skill level 4 in Unarmed Combat
  2599 | D:3      | Reached XP level 4. HP: 34/34 MP: 7/7
  2599 | D:3      | Gained mutation: You have sharp fingernails. [demonic ancestry]
  2599 | D:3      | Reached XP level 5. HP: 39/39 MP: 8/8
  2689 | D:3      | Reached * piety under Makhleb
  2891 | D:3      | Found a blossoming altar of Fedhas.
  3344 | D:4      | Gained mutation: You are partially covered in thin metallic scales (AC +2). [demonic ancestry]
  3344 | D:4      | Reached XP level 6. HP: 37/46 MP: 9/9
  3401 | D:4      | Found a glowing golden altar of the Shining One.
  3401 | D:4      | Found a stormy altar of Qazlal.
  3411 | D:4      | Found a staircase to the Ecumenical Temple.
  3479 | D:4      | Noticed an ogre
  3489 | D:4      | Killed an ogre
  3836 | D:4      | Found a shattered altar of Ashenzari.
  3840 | D:4      | Noticed an ogre
  3850 | D:4      | Noticed teron's ghost (amateur MfGl)
  3867 | D:4      | Killed teron's ghost
  3867 | D:4      | Reached skill level 5 in Unarmed Combat
  3882 | D:4      | Killed an ogre
  3882 | D:4      | Gained mutation: You are mostly covered in thin metallic scales (AC +3). [demonic ancestry]
  3882 | D:4      | Reached XP level 7. HP: 52/52 MP: 10/10
  4099 | D:5      | Entered Level 5 of the Dungeon
  4575 | D:5      | Found a basalt altar of Yredelemnul.
  4631 | D:5      | Got a faintly glowing ring mail
  4678 | D:5      | HP: 2/53 [sky beast (6)]
  4680 | D:5      | Slain by a sky beast

Vault maps used:
D:1:      dpeg_arrival_pits
D:2:      nicolae_overflow_crystal_walls, grunt_temple_overflow_open,
          nicolae_overflow_hidden_temple
D:3:      marbit_many_paths, first_bread, eino_tiny_chamber
D:4:      gammafunk_temple_overflow_elements, evilmike_ruin_ashenzari
D:5:      overflow_temple_1_default

Action                   |  1- 3 |  4- 6 |  7- 9 || total
-------------------------+-------+-------+-------++-------
Melee: Unarmed           |   149 |    88 |    82 ||   319
Throw: Stone             |     1 |     6 |       ||     7
 Cast: Beastly Appendage |    17 |       |       ||    17
       Sticks to Snakes  |     2 |     4 |     7 ||    13
  Use: Scroll            |     5 |       |     4 ||     9
       Potion            |     1 |     1 |       ||     2
 Stab: Sleeping          |     4 |     4 |     1 ||     9
  Eat: Chunk             |     6 |     4 |     3 ||    13
